 Dungeon Crawl Stone Soup version 0.27-a0-1273-gec92ba881d (webtiles) character file.

Game seed: 11039502549486002270

184 bobarctor the Grave Robber (level 5, -2/28 HPs)
             Began as a Deep Elf Necromancer on June 11, 2021.
             Killed from afar by an orc wizard (8 damage)
             ... with a magic dart
             ... on level 4 of the Dungeon.
             The game lasted 00:10:49 (3588 turns).

bobarctor the Grave Robber (Deep Elf Necromancer)   Turns: 3588, Time: 00:10:51

Health: -2/28      AC:  2    Str:  5    XL:     5   Next: 36%
Magic:  15/15      EV: 12    Int: 21    God:
Gold:   72         SH:  0    Dex: 15    Spells: 1/16 levels left

rFire    . . .     SeeInvis .   v - +2 hand axe (pain)
rCold    . . .     Faith    .   (no shield)
rNeg     . . .     Spirit   .   a - +0 robe
rPois    .         Reflect  .   (no helmet)
rElec    .         Harm     .   (no cloak)
rCorr    .         Rampage  .   (no gloves)
Will     .....                  (no boots)
Stlth    ++........             (no amulet)
HPRegen  0.09/turn              (no ring)
MPRegen  0.14/turn              (no ring)

@: no status effects
A: no striking features
a: no special abilities


You were on level 4 of the Dungeon.
You visited 1 branch of the dungeon, and saw 4 of its levels.

You collected 72 gold pieces.

Inventory:

Hand Weapons
 b - a +0 club
 e - a +1 dagger of holy wrath
 s - a +0 vorpal flail
 v - a +2 hand axe of pain (weapon)
Missiles
 c - 111 stones (quivered)
 i - 5 curare-tipped darts
 j - 29 arrows
 u - 5 boomerangs
Armour
 a - a +0 robe (worn)
Jewellery
 q - a +6 ring of strength
Wands
 p - a wand of flame (20)
Scrolls
 d - a scroll of vulnerability {unknown}
 f - a scroll of magic mapping {unknown}
 g - a scroll of identify {unknown}
 h - a scroll of fog {unknown}
 m - a scroll of brand weapon {unknown}
 o - a scroll of teleportation {unknown}
 r - a scroll of enchant weapon {unknown}
 w - a scroll of amnesia {unknown}
Potions
 k - 2 potions of heal wounds {unknown}
 l - a potion of haste {unknown}
 n - a potion of degeneration {unknown}
 t - 2 potions of might {unknown}
 x - a potion of curing {unknown}
 z - a potion of invisibility {unknown}


   Skills:
 + Level 2.4 Dodging
 + Level 2.7 Stealth
 * Level 6.1 Spellcasting
 * Level 0.3 Conjurations
 + Level 6.1 Necromancy
 * Level 0.2 Air Magic


You had one spell level left.
You knew the following spells:

 Your Spells              Type           Power      Damage    Failure   Level
a - Pain                  Necr           100%       1d9       1%          1
b - Animate Skeleton      Necr           64%        N/A       1%          1
c - Vampiric Draining     Necr           16%        2d8       2%          3
d - Animate Dead          Necr           16%        N/A       8%          4
e - Shock                 Conj/Air       28%        1d4       9%          1
f - Agony                 Necr           32%        N/A       22%         5

Your spell library contained the following spells:

 Spells                   Type           Power      Damage    Failure   Level
 Static Discharge         Conj/Air       7%         N/A       13%         2
 Swiftness                Air            7%         N/A       26%         3
 Airstrike                Air            3%         N/A       65%         4
 Lightning Bolt           Conj/Air       3%         1d15      94%         5


Dungeon Overview and Level Annotations

Branches:
Dungeon (4/15)
 Temple: D:4-7

Altars:
Makhleb
Trog
Zin

Annotations:
D:2 Sigmund


Message History

w - a scroll labelled POOVYRA UWKEOFF
Things that are here:
a +0 whip; a +0 robe
x - a smoky yellow potion You see here a +0 club.
A hobgoblin comes into view.
Casting: Pain (safe; 1% risk of failure)
Confirm with . or Enter, or press ? or * to list all spells.
You can't see any susceptible monsters within range! (Use Z to cast anyway.) Unknown command.
Casting: Pain (safe; 1% risk of failure)
Confirm with . or Enter, or press ? or * to list all spells.
Aiming: Pain (safe; 1% risk of failure)
Press: ? - help, Shift-Dir - straight line, f - hobgoblin
Aim: a hobgoblin (wandering, hasn't noticed you, chance to affect: 93%)
The hobgoblin writhes in agony!
You kill the hobgoblin!
Casting: Pain (safe; 1% risk of failure)
Confirm with . or Enter, or press ? or * to list all spells.
You don't know that spell.
Magic restored.
z - a brown potion
Found a stone staircase leading down.
There is a stone staircase leading down here. 2 orcs come into view.
The orc shouts!
You hear a shout! x2
An orc wizard comes into view. It is wielding a +0 dagger.
You hear a shout! x2
You start waiting.
An orc priest is nearby!
The orc priest invokes the aid of Beogh against you.
Beogh smites you!
An orc and an orc wizard come into view.
The orc wizard shouts!
You hear a shout!
The orc priest invokes the aid of Beogh against you.
Beogh smites you!
* * * LOW HITPOINT WARNING * * *
The orc wizard points at you and mumbles some strange words.
The magic dart hits you!
You die...

#......######....##
##.......# ##...#
#....>...## #..##
#.........## ##..#
#..#.......## #..##
#.##........##
##..# ..
#.........## ##.##
#..........####..#
#...@..........#.##
#..o.#########....#
##.... ##.#.##
##..o. #.#..##
#....o $#......
#.....o o.⌠#......
#......o...$#......
##. ##.........
#...... ##...# ..
##......


You could see an orc priest, 2 orc wizards and 2 orcs.

Vanquished Creatures
  A hound (D:4)
  A gnoll shaman (D:4)
  3 gnolls
  2 adders (D:3)
  A worm (D:2)
  7 orcs
  10 ball pythons
  8 bats
  6 endoplasms
  5 giant cockroaches
  5 goblins
  8 hobgoblins
  2 jackals (D:4)
  A quokka (D:4)
  3 frilled lizards
  5 kobolds
  2 rats (D:1)
70 creatures vanquished.

Notes
Turn   | Place    | Note
-------+----------+-------------------------------------------
     0 | D:1      | bobarctor the Deep Elf Necromancer began the quest for the
                  | Orb.
     0 | D:1      | Reached XP level 1. HP: 10/10 MP: 6/6
    26 | D:1      | Reached skill level 5 in Necromancy
    55 | D:1      | Learned a level 1 spell: Animate Skeleton
   315 | D:1      | Reached XP level 2. HP: 11/15 MP: 4/8
  1241 | D:1      | Reached XP level 3. HP: 16/19 MP: 7/10
  1245 | D:1      | Learned a level 3 spell: Vampiric Draining
  1763 | D:2      | Found a faded altar of an unknown god.
  1793 | D:2      | Noticed Sigmund
  2116 | D:3      | Found a glowing silver altar of Zin.
  2287 | D:3      | Reached XP level 4. HP: 14/24 MP: 5/12
  2407 | D:3      | Learned a level 4 spell: Animate Dead
  2777 | D:4      | Found a burning altar of Makhleb.
  2785 | D:4      | Reached skill level 5 in Spellcasting
  2994 | D:4      | Found a bloodstained altar of Trog.
  3030 | D:4      | Learned a level 1 spell: Shock
  3065 | D:4      | Reached XP level 5. HP: 25/28 MP: 11/15
  3071 | D:4      | Learned a level 5 spell: Agony
  3588 | D:4      | Killed from afar by an orc wizard

Illustrated notes

Levels and vault maps discovered:
D:1:      dpeg_arrival_ternary, layout_loops_ring, minivault_24,
          minmay_tromino_v7
D:2:      layout_rooms, hellmonk_ecumenical_altar_crossroads, uniq_sigmund,
          uniq_terence
D:3:      layout_rooms, old_standard_altar
D:4:      cheibrodos_pilgrimage, layout_cave_pods, old_standard_altar,
          lemuel_crystal_altar

Skill      XL: |  1  2  3  4  5 |
---------------+----------------+-----
Necromancy     | 5 6 |  6.1
Spellcasting   | 4 5 6 |  6.1
Dodging        | |  2.4
Stealth        | |  2.7
Conjurations   | |  0.3
Air Magic      | |  0.2

Action                   |  1- 3 |  4- 6 || total
-------------------------+-------+-------++-------
Throw: Stone             |       |     1 ||     1
 Cast: Pain              |    76 |    41 ||   117
       Vampiric Draining |     2 |     7 ||     9
Armor: Robe              |     4 |     1 ||     5
Dodge: Dodged            |       |     1 ||     1

Table legend: (Time is in decaauts)
 A = Elapsed time spent in this place.
 B = Non-inter-level travel time spent in this place.
 C = Inter-level travel time spent in this place.
 D = Time resting spent in this place.
 E = Time spent auto-exploring this place.
 F = Levels seen in this place.
 G = Mean time per level.
                   A        B        C        D        E       F      G
               +--------+--------+--------+--------+--------+-----+--------+
         Total |   3586 |   3530 |     56 |    966 |   2191 |   4 |  896.5 |
       Dungeon |   3586 |   3530 |     56 |    966 |   2191 |   4 |  896.5 |
               +--------+--------+--------+--------+--------+-----+--------+

Top non-repeatable levels by time:
     D:1: 1527 daAuts
     D:3: 896 daAuts
     D:4: 888 daAuts
     D:2: 274 daAuts
